 Dungeon Crawl Stone Soup version 0.23-a0-612-gcb482e9 (console) character file.

56 Duffy the Chopper (level 3, 0/32 HPs)
             Began as a Naga Gladiator on Dec 21, 2018.
             Slain by a worker ant (3 damage)
             ... on level 3 of the Dungeon.
             The game lasted 00:00:55 (1208 turns).

Duffy the Chopper (Naga Gladiator)                  Turns: 1208, Time: 00:00:56

Health: 0/32       AC:  3    Str: 17    XL:     3   Next: 95%
Magic:  3/3        EV: 10    Int:  8    God:
Gold:   72         SH:  0    Dex: 12    Spells: 2/2 levels left

rFire    . . .     SeeInvis +   a - +0 war axe
rCold    . . .     Gourm    .   (no shield)
rNeg     . . .     Faith    +   b - +0 leather armour
rPois    +         Spirit   .   c - +0 helmet
rElec    .         Reflect  .   (no cloak)
rCorr    .         Harm     .   (no gloves)
MR       .....                  (no barding)
Stlth    +.........             o - amulet of faith
HPRegen  0.10/turn              j - ring of flight
MPRegen  0.08/turn              (no ring)

@: very slow
A: large, see invisible, deformed body, poison resistance, slowness 2, slow
metabolism 1, spit poison 1, AC +1
a: Spit Poison, Evoke Flight


You were on level 3 of the Dungeon.
You were not hungry.

You visited 1 branch of the dungeon, and saw 4 of its levels.

You collected 72 gold pieces.

Inventory:

Hand Weapons
 a - a +0 war axe (weapon)
Missiles
 d - 3 throwing nets (quivered)
Armour
 b - a +0 leather armour (worn)
 c - a +0 helmet (worn)
Jewellery
 j - a ring of flight (left hand)
 o - an amulet of faith (around neck)
Wands
 l - a wand of iceblast (7)
Scrolls
 g - a scroll of identify {unknown}
 i - a scroll of enchant weapon {unknown}
 m - 3 scrolls of immolation {unknown}
 n - a scroll of blinking {unknown}
 p - a scroll of remove curse {unknown}
 q - a scroll of magic mapping {unknown}
Potions
 e - a potion of mutation {unknown}
 h - 2 potions of curing {unknown}
 k - 2 potions of berserk rage {unknown}
Comestibles
 f - a ration


   Skills:
 - Level 2.0 Fighting
 + Level 4.7 Axes
 - Level 1.7 Throwing
 - Level 2.4 Dodging


You had 2 spell levels left.
You didn't know any spells.
Your spell library contained the following spells:

 Spells                   Type           Power        Failure   Level  Hunger
 Summon Small Mammal      Summ           #...         47%         1    ##.....
 Call Imp                 Summ           #.......     63%         2    ###....
 Call Canine Familiar     Summ           #.......     85%         3    ####...
 Summon Guardian Golem    Hex/Summ       #.......     85%         3    ####...
 Summon Ice Beast         Ice/Summ       #.......     99%         4    #####..
 Summon Lightning Spire   Summ/Air       #.......     99%         4    #####..


Dungeon Overview and Level Annotations

Branches:
Dungeon (4/15)
 Temple: D:4-7

Altars:


Innate Abilities, Weirdness & Mutations

You cannot wear boots.
Your serpentine skin is tough. (AC +1)
You have supernaturally acute eyesight. (SInv)
Armour fits poorly on your strangely shaped body.
Your system is resistant to poisons. (rPois)
You cover ground very slowly.
You have a slow metabolism.
You can spit poison.


Message History

You feel slightly more hungry.
The worker ant bites you but does no damage.
You hit the worker ant.
The worker ant is lightly wounded.
The worker ant closely misses you.
You barely miss the worker ant.
The worker ant is lightly wounded.
The worker ant bites you. The worker ant barely misses you.
Okay, then.
You closely miss the worker ant.
The worker ant is lightly wounded.
The worker ant bites you.
You hit the worker ant.
The worker ant is lightly wounded.
The worker ant bites you. x2
You completely miss the worker ant.
The worker ant is lightly wounded.
You have got your breath back.
The worker ant bites you. x2
You die...

#####..#....#
#.....^..)#
#.###..##.##
#........####
#$......>...#
#.......###..#
#.......# ....
#.......# ...
.##.....@a#####...
................ .
..........#####.
.##.......#
#########


You could see a worker ant.

Vanquished Creatures
  A worker ant (D:3)
  2 adders (D:2)
  2 goblins
  A hobgoblin (D:2)
  3 jackals (D:2)
  A quokka (D:2)
  A ball python (D:2)
  2 frilled lizards (D:2)
  2 kobolds
  A rat (D:2)
16 creatures vanquished.

Notes
Turn   | Place    | Note
-------+----------+-------------------------------------------
     0 | D:1      | Duffy the Naga Gladiator began the quest for the Orb.
     0 | D:1      | Reached XP level 1. HP: 19/19 MP: 1/1
   547 | D:2      | Reached XP level 2. HP: 26/26 MP: 2/2
   611 | D:2      | Reached skill level 4 in Axes
   611 | D:2      | Reached XP level 3. HP: 21/32 MP: 3/3
  1208 | D:3      | Slain by a worker ant

Vault maps used:
D:1:      ebering_trefoil_twist, serial_forest, infiniplex_forest_straight_4,
          infiniplex_forest_split, infiniplex_forest_clump_long,
          infiniplex_forest_lined_3, infiniplex_forest_end_2, st_stairs_8,
          feat_on_display
D:2:      kennysheep_jessica_study
D:3:      kennysheep_generic_room_3, uniq_natasha
D:4:      makhleb_blood_cavern_becter

Skill      XL: |  1  2 |
---------------+-------+-----
Axes           | 4 |  4.7
Fighting       | |  2.0
Throwing       | |  1.7
Dodging        | |  2.4

Action                   || total
-------------------------++-------
Melee: War axe           ||    70
 Abil: Spit Poison       ||     5
Armor: Leather armour    ||    20
Dodge: Dodged            ||    55

Table legend:
 A = Non-vault XP
 B = Vault XP
 C = Vault XP percentage of total XP
 D = Non-vault monster count
 E = Vault monster count
 F = Vault count percentage of total count
                 A         B        C        D         E       F
            +---------+---------+-------+---------+---------+-------
      Total |      80 |       0 |   0.0 |      16 |       0 |   0.0
            +---------+---------+-------+---------+---------+-------
        D:1 |       1 |       0 |   0.0 |       1 |       0 |   0.0
        D:2 |      44 |       0 |   0.0 |      13 |       0 |   0.0
        D:3 |      35 |       0 |   0.0 |       2 |       0 |   0.0
            +---------+---------+-------+---------+---------+-------
